 Dungeon Crawl Stone Soup version 0.19-a0-27-g415f530 (webtiles) character file.

231 M4edhros the Insei (level 5, -8/39 HPs)
             Began as a Vampire Monk on May 1, 2016.
             Mangled by an orc warrior
             ... wielding a +0 trident
              (11 damage)
             ... on level 6 of the Dungeon.
             The game lasted 00:03:40 (704 turns).

M4edhros the Insei (Vampire Monk)                    Turns: 704, Time: 00:03:40

Health: -8/39      AC:  5    Str: 16    XL:     5   Next: 73%
Magic:  0/5        EV: 17    Int: 18    God:
Gold:   57         SH:  4    Dex: 21    Spells: 0 memorised, 4 levels left

rFire  . . .     SeeInvis +       - Unarmed
rCold  . . .     Gourm    .     c - +0 ring mail
rNeg   . . .     Faith    .     e - +0 buckler
rPois  .         Spirit   +     (no helmet)
rElec  .         Dismiss  .     (no cloak)
rCorr  .         Reflect  .     (no gloves)
SustAt .         Harm     .     (no boots)
MR     .....                    j - amulet of guardian spirit
Stlth  +++.......               (no ring)
                                (no ring)

@: mighty, brilliant, agile, regenerating quickly, not resistant to hostile
enchantments, fairly stealthy
A: fangs 3, see invisible, unbreathing
a: no special abilities


You were on level 6 of the Dungeon.
You were full.

You visited 1 branch of the dungeon, and saw 6 of its levels.

You collected 57 gold pieces.

Inventory:

Armour
 a - a +0 robe
 c - a +0 ring mail (worn)
 e - a +0 buckler (worn)
Jewellery
 j - an amulet of guardian spirit (around neck)
Scrolls
 f - a scroll of fear {unknown}
 g - a scroll of remove curse {unknown}
Potions
 b - 2 potions of curing
 l - a potion of cure mutation {unknown}


   Skills:
 - Level 2.6 Fighting
 - Level 3.2 Dodging
 - Level 3.0 Stealth
 + Level 7.7 Unarmed Combat


You had 4 spell levels left.
You didn't know any spells.

Dungeon Overview and Level Annotations

Branches:
Dungeon (6/15)
 Temple: D:4-7

Altars:
Ashenzari
Qazlal


Innate Abilities, Weirdness & Mutations

Your natural rate of healing is unusually fast.
You have razor-sharp teeth.
You have supernaturally acute eyesight.
You can survive without breathing.


Message History

The iguana bites you but does no damage.
You hit the iguana.
The iguana is almost dead.
The orc warrior hits you from afar with a trident!
* * * LOW HITPOINT WARNING * * *
The orc misses you. The iguana misses you.
You hit the iguana.
You kill the iguana!
The orc barely misses you. You block the orc warrior's attack.
The orc warrior barely misses you.
You see here an iguana corpse.
You closely miss the orc warrior. The orc barely misses you.
The orc warrior barely misses you.
You punch the orc warrior!
The orc warrior is moderately wounded.
You block the orc's attack.
You hit the orc warrior.
The orc warrior is heavily wounded.
The orc warrior hits you with a trident!
You die...

#..........o.
##.......#
.....o..o.#
.........o#
....l..o.o#
....####o.#
.s..####..#
... #.ooo.#
.. #@###.##
#o# #..# #o#
#.o# #s# #..#
#o####.##
#oo..o.>#
#########


You could see an orc warrior, 7 orcs and a giant cockroach.

Vanquished Creatures
  A phantom (D:5)
  2 orc priests
  An iguana (D:6)
  An adder (D:5)
  A shadow imp (D:5)
  An ooze (D:3)
  A worm (D:2)
  8 dart slugs (D:5)
  A giant gecko (D:5)
  4 orcs (D:3)
  A hobgoblin (D:3)
  A quokka (D:5)
  A bat (D:2)
  A giant newt (D:3)
  A rat (D:2)
26 creatures vanquished.

Notes
Turn   | Place    | Note
--------------------------------------------------------------
     0 | D:1      | M4edhros the Vampire Monk began the quest for the Orb.
     0 | D:1      | Reached XP level 1. HP: 17/17 MP: 1/1
    78 | D:2      | Found a shattered altar of Ashenzari.
   116 | D:3      | Noticed an orc priest
   126 | D:3      | Killed an orc priest
   126 | D:3      | Reached skill level 5 in Unarmed Combat
   126 | D:3      | Reached XP level 2. HP: 14/23 MP: 2/2
   126 | D:3      | Reached XP level 3. HP: 17/28 MP: 3/3
   275 | D:5      | Entered Level 5 of the Dungeon
   312 | D:5      | Found a stormy altar of Qazlal.
   328 | D:5      | Reached skill level 6 in Unarmed Combat
   403 | D:5      | Reached XP level 4. HP: 34/34 MP: 1/4
   426 | D:5      | Noticed a phantom
   588 | D:5      | Killed a phantom
   588 | D:5      | Reached skill level 7 in Unarmed Combat
   588 | D:5      | Reached XP level 5. HP: 23/39 MP: 5/5
   664 | D:6      | Noticed an orc warrior
   704 | D:6      | Mangled by an orc warrior

Vault maps used:
D:1:      dpeg_arrival_arbitrary_c
D:2:      lemuel_crystal_altar
D:3:      kennysheep_big_flooded_room, first_bread, uniq_sigmund
D:4:      serial_glass, glass_columns_b, glass_columns_a,
          minmay_strange_pillars, serial_shops, shop, lemuel_statue_altar
D:5:      kennysheep_slugbush, lemuel_crystal_altar, serial_shops, shop_statue
D:6:      demons_altar, grunt_temple_overflow_open, serial_shops,
          shop_fountains, basic_altar

Skill      XL: |  1  2  3  4 |
---------------+-------------+-----
Unarmed Combat | 5 6 7 |  7.7
Fighting       | |  2.6
Dodging        | |  3.2
Stealth        | |  3.0

Action                   |  1- 3 |  4- 6 || total
-------------------------+-------+-------++-------
Melee: Unarmed           |    55 |    77 ||   132
       Bite              |     5 |     9 ||    14
       Punch             |     1 |       ||     1
  Use: Potion            |     6 |     7 ||    13
 Stab: Sleeping          |     3 |       ||     3
Armor: Ring mail         |    14 |    14 ||    28
Dodge: Dodged            |    22 |    40 ||    62
Block: Buckler           |       |     9 ||     9
